 Dungeon Crawl Stone Soup version 0.31.0-11-ge490571c62 (webtiles) character file.

Game seed: 4787196790207216775

51 qw the Shooter (level 3, 0/18 HPs)
             Began as a Spriggan Hunter on Feb 4, 2024.
             Slain by a goblin
             ... wielding a +0 dagger
             ... led by Robin
              (4 damage)
             ... on level 2 of the Dungeon.
             The game lasted 00:00:05 (1583 turns).

qw the Shooter (Spriggan Hunter)                    Turns: 1583, Time: 00:00:05

Health: 0/18       AC:  2    Str:  7    XL:     3   Next: 58%
Magic:  4/4        EV: 19    Int: 10    God:
Gold:   141        SH:  0    Dex: 20    Spells: 2/2 levels left

rFire   . . .        a - +2 shortbow (heavy)
rCold   . . .        (shield currently unavailable)
rNeg    . . .        c - +0 robe
rPois   .            (helmet restricted)
rElec   .            (no cloak)
rCorr   .            (gloves unavailable)
SInv    +            (boots unavailable)
Will    .....        (no amulet)
Stlth   ++           (no ring)
HPRegen 0.23/turn    (no ring)
MPRegen 0.09/turn

%: no passive effects
@: very quick
A: very small, no large weapons, unfitting armour, see invisible, speed 3
a: no special abilities


You were on level 2 of the Dungeon.
You visited 1 branch of the dungeon, and saw 3 of its levels.

You collected 141 gold pieces.


Innate Abilities, Weirdness & Mutations

You are very small and have problems with some larger weapons.
You are too small for most types of armour.
You have supernaturally acute eyesight. (SInv)
You cover ground extremely quickly. (Speed+++)


   Skills:
 - Level 1.5 Fighting
 + Level 4.8 Ranged Weapons
 - Level 4.1 Dodging
 - Level 1.5 Stealth


You had 2 spell levels left.
You didn't know any spells.
Your spell library was empty.

Inventory:

Hand Weapons
 a - a +2 heavy shortbow (weapon)
Armour
 c - a +0 robe (worn)
Scrolls
 g - a scroll of teleportation
Potions
 b - a potion of mutation
 d - 4 potions of curing
 f - a potion of cancellation {unknown}

Dungeon Overview and Level Annotations

Branches:
Dungeon (3/15)

Altars:

Annotations:
D:3 Ijyb, Robin


Message History

Waypoint 2 assigned to D:3.
1572 ||| STAIRDANCE The hobgoblin closely misses you.
Robin throws the goblin at you! The goblin misses you.
You climb upwards.
There is a stone staircase leading down here.
You shoot an arrow. The arrow hits the goblin.
You kill the goblin!
The goblin barely misses you. The hobgoblin closely misses you.
You shoot an arrow. The arrow hits the hobgoblin!
You kill the hobgoblin!
The goblin misses you. The goblin closely misses you.
You shoot an arrow. The arrow hits the goblin!
You kill the goblin!
You start resting.
HP restored.
You climb downwards.
Level annotation: Ijyb, Robin The goblin hits you with a +0 dagger.
The goblin completely misses you. The goblin misses you.
The goblin hits you with a +0 club. Robin throws the goblin at you!
There is a stone staircase leading up here.
1580 ||| STAIRDANCE The goblin closely misses you.
The hobgoblin barely misses you.
The goblin closely misses you. x2; The goblin hits you with a +0 club.
Robin points. "Kill!"
You climb upwards.
There is a stone staircase leading down here.
You shoot an arrow. The arrow hits the goblin!!
You kill the goblin!
The goblin closely misses you. The goblin completely misses you.
The goblin misses you. x2; The hobgoblin misses you.
The goblin closely misses you. The goblin hits you with a +0 club.
The hobgoblin completely misses you. The goblin misses you.
The goblin barely misses you.
You shoot an arrow. The arrow barely misses the goblin.
The goblin closely misses you. The goblin hits you with a +0 club.
The goblin completely misses you. The goblin closely misses you.
The hobgoblin misses you. The goblin hits you with a +0 dagger.
You die...

#......>....#### #..
#.#..<)........# #..
#.....########.## #..
#......#######..#####..
#.......#..............
##########......##.#.....#.####.
#..................#..}..#.# #.
#.#########...gg####.......# #.
#.# ##..g@###......### #. #.#
#..gg).......## #. #.#
#######..#........# #. #.#
##..........#####..# #.
#.####...####..### #..#######.
#..............# #..##......
######...#####.# #..##.#####
##.######.# #..##.# ##.# #....#
#..##.#


You could see a hobgoblin and 4 goblins.

Vanquished Creatures
  An adder (D:2)
  2 dart slugs
  3 endoplasms
  2 giant cockroaches
  4 goblins (D:2)
  4 hobgoblins (D:2)
  3 jackals (D:1)
  A quokka (D:1)
  4 ball pythons
  2 bats
  4 frilled lizards
  2 kobolds (D:1)
  4 rats
36 creatures vanquished.

Notes
Turn   | Place    | Note
-------+----------+-------------------------------------------
     0 | D:1      | qw the Spriggan Hunter began the quest for the Orb.
     0 | D:1      | Reached XP level 1. HP: 10/10 MP: 2/2
     0 | D:1      | 0 ||| qw: Version: 0.3-a-160-g6735b56
     0 | D:1      | 0 ||| qw: Game counter: 4750
     0 | D:1      | 0 ||| qw: Melee chars always use a shield: true
     0 | D:1      | 0 ||| qw: God list: Okawaru
     0 | D:1      | 0 ||| qw: Allow faded altars: false
     0 | D:1      | 0 ||| qw: Do Orc after clearing Dungeon:15 true
     0 | D:1      | 0 ||| qw: Do second Lair branch before Depths: true
     0 | D:1      | 0 ||| qw: Lair rune preference: random
     0 | D:1      | 0 ||| qw: Goals: Normal
     0 | D:1      | 0 ||| PLANNING D:1-11
     3 | D:1      | Noticed an electric eel
     4 | D:1      | Noticed an electric eel
    68 | D:1      | Reached skill level 3 in Dodging
   106 | D:1      | Reached XP level 2. HP: 10/14 MP: 3/3
   841 | D:1      | 841 ||| READING 2 scrolls labelled YWNIMUO GYNE.
   841 | D:1      | 841 ||| ENCHANTING +0 shortbow.
   842 | D:1      | 842 ||| READING scroll of enchant weapon.
   842 | D:1      | 842 ||| ENCHANTING +1 shortbow.
   843 | D:1      | 843 ||| READING 2 scrolls labelled DOMEMOVIUD.
   844 | D:1      | 844 ||| READING scroll labelled MAIV FOPLONOJU.
   847 | D:1      | 847 ||| DROPPING scroll of butterflies.
   848 | D:1      | 848 ||| DROPPING scroll of poison.
   979 | D:2      | Reached XP level 3. HP: 18/18 MP: 4/4
  1547 | D:2      | 1547 ||| READING scroll labelled IQO ROTUJUWN.
  1547 | D:2      | 1547 ||| BRANDING +2 shortbow.
  1548 | D:2      | 1548 ||| READING scroll labelled ASAULU PISHATZ.
  1549 | D:2      | 1549 ||| READING scroll labelled DOBLUE WUTRE.
  1549 | D:2      | 1549 ||| IDENTIFYING smoky orange potion
  1550 | D:2      | 1550 ||| READING scroll labelled QIALYO WEHOT.
  1551 | D:2      | 1551 ||| DRINKING 5 pink potions.
  1571 | D:3      | Noticed Ijyb
  1571 | D:3      | Noticed Robin
  1572 | D:3      | 1572 ||| STAIRDANCE
  1580 | D:3      | 1580 ||| STAIRDANCE
  1583 | D:2      | HP: 4/18 [goblin/+0 club[Robin] (3)]
  1583 | D:2      | Slain by a goblin

Levels and vault maps discovered:
D:1:      arrival_aquarium_b, layout_basic
D:2:      layout_loops_ring, dreamdust_wishing_well
D:3:      layout_loops_corners, mainiacjoe_overflow_paths, xom_redecorated,
          elyvilon_altar_3, uniq_ijyb, uniq_robin, uniq_grinder

Skill      XL: |  1  2 |
---------------+-------+-----
Dodging        | 3 4 |  4.1
Fighting       | |  1.5
Ranged Weapons | |  4.8
Stealth        | |  1.5

Action                     || total
---------------------------++-------
   Fire: Shortbow          ||    99
    Use: Scroll            ||     8
         Potion            ||     1
 Armour: Robe              ||    24
  Dodge: Dodged            ||    66

Table legend:
 A = Non-vault XP
 B = Vault XP
 C = Vault XP percentage of total XP
 D = Non-vault monster count
 E = Vault monster count
 F = Vault count percentage of total count
                 A         B        C        D         E       F
            +---------+---------+-------+---------+---------+-------
      Total |      67 |       7 |   9.5 |      32 |       4 |  11.1
            +---------+---------+-------+---------+---------+-------
        D:1 |      29 |       0 |   0.0 |      18 |       0 |   0.0
        D:2 |      38 |       7 |  15.6 |      14 |       4 |  22.2
            +---------+---------+-------+---------+---------+-------
